 Dungeon Crawl Stone Soup version 0.29-a0-383-g8b6f518c11 (webtiles) character file.

Game seed: 14568363767420875428

319 Bruhh the Slasher (level 6, -4/47 HPs)
             Began as a Human Monk on May 6, 2022.
             Was a Follower of Uskayaw.
             Slain by Edmund
             ... wielding a +4 flail of protection
              (8 damage)
             ... on level 4 of the Dungeon.
             The game lasted 00:05:30 (4019 turns).

Bruhh the Slasher (Human Monk)                      Turns: 4019, Time: 00:05:31

Health: -4/47      AC:  2    Str: 10 (12) XL:     6   Next: 75%
Magic:  7/7        EV: 13    Int:  6 (8)  God:    Uskayaw [*.....]
Gold:   246        SH:  0    Dex: 14 (17) Spells: 5/5 levels left

rFire   . . .      SeeInvis .   a - +0 falchion
rCold   . . .      Faith    .   (no shield)
rNeg    . . .      Spirit   .   b - +0 robe
rPois   .          Reflect  .   (no helmet)
rElec   .          Harm     .   (no cloak)
rCorr   .          Rampage  .   (no gloves)
Will    .....                   (no boots)
Stlth   ++........              p - amulet of magic regeneration
HPRegen 0.15/turn               t - +4 ring of slaying
MPRegen 0.50/turn               (no ring)

@: no status effects
A: dopey 1, low MP 1
a: Renounce Religion, Stomp


You were on level 4 of the Dungeon.
You worshipped Uskayaw.
Uskayaw was noncommittal.
You visited 1 branch of the dungeon, and saw 4 of its levels.

You collected 246 gold pieces.

Inventory:

Hand Weapons
 a - a +0 falchion (weapon)
Missiles
 j - 14 poisoned darts (quivered)
Armour
 b - a +0 robe (worn)
Jewellery
 p - an amulet of magic regeneration (around neck)
 t - a +4 ring of slaying (left hand)
 x - a ring of resist corrosion
Scrolls
 c - a scroll of poison {unknown}
 f - 2 scrolls of fog {unknown}
 g - 4 scrolls of blinking {unknown}
 h - a scroll of magic mapping {unknown}
 i - a scroll of teleportation {unknown}
 k - 3 scrolls of identify {unknown}
 l - a scroll of noise {unknown}
 o - 2 scrolls of amnesia {unknown}
 q - a scroll of fear {unknown}
 w - a scroll of vulnerability {unknown}
Potions
 d - a potion of brilliance {unknown}
 e - a potion of haste {unknown}
 m - a potion of flight {unknown}
 n - a potion of attraction {unknown}
 s - a potion of mutation
 u - a potion of magic {unknown}
 v - a potion of degeneration


   Skills:
 - Level 3.0 Fighting
 - Level 6.0 Long Blades
 - Level 3.0 Dodging
 - Level 2.0 Stealth
 * Level 3.8 Invocations


You had 5 spell levels left.
You didn't know any spells.
Your spell library contained the following spells:

 Spells                   Type           Power      Damage    Failure   Level
 Freeze                   Ice            0%         1d3       45%         1
 Magic Dart               Conj           0%         1d3       45%         1
 Call Imp                 Summ           0%         N/A       58%         2
 Frozen Ramparts          Ice            0%         1d2       83%         3
 Mephitic Cloud           Conj/Pois/Air  0%         N/A       83%         3
 Hailstorm                Conj/Ice       0%         3d3       99%         4
 Dispersal                Tloc           0%         N/A       100%        6
 Disjunction              Tloc           0%         N/A       100%        8


Dungeon Overview and Level Annotations

Branches:
Dungeon (4/15)
 Temple: D:4-7

Altars:
Hepliaklqana
Nemelex Xobeh
Okawaru
Qazlal
Sif Muna
Uskayaw
Zin
The Shining One

Shops:
D:4 *

Annotations:
D:4 Edmund


Innate Abilities, Weirdness & Mutations

You are dopey. (Int -2)
Your magical capacity is low. (-10% MP)


Message History

There is an entrance to Zin's Purification Station here.
A goblin comes into view. It is wielding a +0 dagger.
A goblin is nearby!
A goblin is nearby!
Edmund the Younger comes into view.
He is wielding a +4 flail of protection.
The helpless goblin fails to defend itself.
You slash the goblin!
You kill the goblin!
Edmund hits you with a +4 flail of protection!
You barely miss Edmund.
Edmund hits you with a +4 flail of protection!
You closely miss Edmund.
Edmund hits you with a +4 flail of protection.
You are too injured to fight recklessly!
You are too injured to fight recklessly!
You are too injured to fight recklessly!
You are too injured to fight recklessly!
You are too injured to fight recklessly!
You are too injured to fight recklessly!
You barely miss Edmund.
Edmund hits you with a +4 flail of protection.
You hit Edmund.
Edmund is lightly wounded.
Edmund hits you with a +4 flail of protection!
* * * LOW HITPOINT WARNING * * *
It was a potion of curing.
You feel better.
Edmund hits you with a +4 flail of protection!
* * * LOW HITPOINT WARNING * * *
It was a potion of mutation.
You feel extremely strange.
You feel less energetic.
You feel stupid.
Edmund hits you with a +4 flail of protection.
* * * LOW HITPOINT WARNING * * *
You feel better.
Edmund hits you with a +4 flail of protection!
* * * LOW HITPOINT WARNING * * *
It was a potion of degeneration.
There was something very wrong with that liquid.
You feel weakened.
You feel dopey.
You feel clumsy.
Edmund hits you with a +4 flail of protection!
You die...

##...## ##.....#######
##............# #
###.............# #
#...............# ###
#.#.............# ..#
###.##.).....#..... #.#
...........@@.....#
#.##.##.....#...####.###
.....#..###..#.##
#.#..#.##⌠##.###
#.#..#..#_#..#
..#.........##
.............###
.........∩.....+
#.##.##.....####


You could see Edmund.

Vanquished Creatures
  A phantom (D:4)
  A hound (D:4)
  An orc priest (D:3)
  An iguana (D:4)
  An orc wizard (D:3)
  5 adders
  2 worms
  5 dart slugs
  2 orcs (D:3)
  7 endoplasms
  A giant cockroach (D:1)
  9 goblins
  A hobgoblin (D:3)
  5 jackals
  9 kobolds
  5 quokkas
  4 ball pythons
  6 bats
  2 frilled lizards
  4 rats
72 creatures vanquished.

Notes
Turn   | Place    | Note
-------+----------+-------------------------------------------
     0 | D:1      | Bruhh the Human Monk began the quest for the Orb.
     0 | D:1      | Reached XP level 1. HP: 18/18 MP: 1/1
   153 | D:1      | Reached XP level 2. HP: 16/24 MP: 2/2
   492 | D:1      | Reached skill level 4 in Long Blades
   492 | D:1      | Reached XP level 3. HP: 29/29 MP: 3/3
  1069 | D:2      | Reached XP level 4. HP: 34/35 MP: 4/4
  1427 | D:2      | Reached skill level 5 in Long Blades
  1952 | D:3      | Reached XP level 5. HP: 25/41 MP: 5/5
  2606 | D:3      | Found a hide-covered altar of Uskayaw.
  2646 | D:3      | Became a worshipper of Uskayaw the Reveller
  2646 | D:3      | Reached * piety under Uskayaw
  3092 | D:4      | Reached ** piety under Uskayaw
  3222 | D:4      | Noticed a phantom
  3230 | D:4      | Reached skill level 1 in Invocations
  3233 | D:4      | Reached *** piety under Uskayaw
  3234 | D:4      | Killed a phantom
  3235 | D:4      | Reached skill level 6 in Long Blades
  3235 | D:4      | Reached XP level 6. HP: 28/47 MP: 5/8
  3237 | D:4      | Reached **** piety under Uskayaw
  3467 | D:4      | Found a stormy altar of Qazlal.
  3468 | D:4      | Found an iron altar of Okawaru.
  3468 | D:4      | Found a glowing golden altar of the Shining One.
  3470 | D:4      | Found a sparkling altar of Nemelex Xobeh.
  3478 | D:4      | Found a shimmering blue altar of Sif Muna.
  3561 | D:4      | Found a hazy altar of Hepliaklqana.
  3994 | D:4      | Found Zin's Purification Station.
  3996 | D:4      | Found a glowing silver altar of Zin.
  4007 | D:4      | Noticed Edmund
  4017 | D:4      | Gained mutation: Your magical capacity is low. (-10% MP)
                  | [potion of mutation]
  4017 | D:4      | Gained mutation: You are dopey. (Int -2) [potion of
                  | mutation]
  4019 | D:4      | Slain by Edmund

Illustrated notes

Levels and vault maps discovered:
D:1:      amcnicky_arrival_double_pillar, layout_basic
D:2:      layout_basic
D:3:      layout_loops_ring, mainiacjoe_overflow_six_doors_small,
          wander_ebering_terrifying_dragon_lair
D:4:      minmay_recursive_quarters, layout_loops_corners,
          mainiacjoe_overflow_24_doors, grunt_temple_overflow_open, zin_purify,
          uniq_edmund

Skill      XL: |  1  2  3  4  5  6 |
---------------+-------------------+-----
Long Blades    | 4 5 6 |  6.0
Invocations    | 2 3 |  3.8
Fighting       | |  3.0
Dodging        | |  3.0
Stealth        | |  2.0

Action                   |  1- 3 |  4- 6 || total
-------------------------+-------+-------++-------
Melee: Falchion          |    84 |   151 ||   235
       Punch             |       |     3 ||     3
  Use: Potion            |       |     5 ||     5
 Stab: Sleeping          |     5 |     9 ||    14
       Paralysed         |       |     1 ||     1
       Distracted        |       |     1 ||     1
Armor: Robe              |    14 |    22 ||    36
Dodge: Dodged            |    73 |    86 ||   159

Table legend: (Time is in decaauts)
 A = Elapsed time spent in this place.
 B = Non-inter-level travel time spent in this place.
 C = Inter-level travel time spent in this place.
 D = Time resting spent in this place.
 E = Time spent auto-exploring this place.
 F = Levels seen in this place.
 G = Mean time per level.
                   A        B        C        D        E       F      G
               +--------+--------+--------+--------+--------+-----+--------+
         Total |   4032 |   3920 |    112 |      0 |   3320 |   4 | 1008.0 |
       Dungeon |   4032 |   3920 |    112 |      0 |   3320 |   4 | 1008.0 |
               +--------+--------+--------+--------+--------+-----+--------+

Top non-repeatable levels by time:
     D:2: 1108 daAuts
     D:3: 1095 daAuts
     D:4: 1034 daAuts
     D:1: 793 daAuts
